 Dungeon Crawl Stone Soup version 0.30-a0-475-g03497ec522 (webtiles) character file.

Game seed: 812764531774595584

2592 GilGalad the Ducker (level 9, 0/60 HPs)
             Began as a Djinni Fire Elementalist on Dec 21, 2022.
             Was a Believer of Makhleb.
             Slain by Erica
             ... wielding a +3 scimitar of flaming
              (1 damage)
             ... on level 8 of the Dungeon.
             The game lasted 00:20:08 (7280 turns).

GilGalad the Ducker (Djinni Fire Elementalist)      Turns: 7280, Time: 00:20:09

Health: 0/60       AC:  4    Str: 13    XL:     9   Next: 89%
Gold:   430        EV: 16    Int: 21    God:    Makhleb [**....] SH:  0 Dex: 18

rFire   + + .      SeeInvis .    v - +4 spear (vorpal)
rCold   x . .      Faith    .    (no shield)
rNeg    + . .      Spirit   .    i - +1 robe "Pico" {rN+ Int-5 Dex+5 Archmagi}
rPois   ∞          Reflect  .    m - +0 helmet
rElec   .          Harm     .    (no cloak)
rCorr   .          Rampage  .    (no gloves)
Will    +....      Archmagi +    (boots unavailable)
Stlth   +++.......               b - amulet of the acrobat
HPRegen 0.30/turn                l - ring of willpower
MPRegen 0.00/turn                p - ring of the Invisible Hand {Str+6 Int+4}

@: flying, slowed, very slow
A: sickness immunity, fire resistance 2, cold vulnerability 1, float, innate
caster, HP casting, extra vitality 1
a: Renounce Religion, Minor Destruction


You were on level 8 of the Dungeon.
You worshipped Makhleb.
Makhleb was pleased with you.
You visited 2 branches of the dungeon, and saw 9 of its levels.

You collected 430 gold pieces.

Inventory:

Hand Weapons
 v - a +4 vorpal spear (weapon)
Armour
 i - the +1 robe "Pico" (worn) {rN+ Int-5 Dex+5 Archmagi}
   (You found it on level 2 of the Dungeon)

   Int:       It affects your intelligence (-5).
   Dex:       It affects your dexterity (+5).
   rN:        It protects you from negative energy.
   Archmagi:  It increases the power of your magical spells.
 m - a +0 helmet (worn)
 n - a +0 robe of cold resistance
Magical Staves
 e - a staff of earth
Jewellery
 b - an amulet of the acrobat (around neck)
 l - a ring of willpower (left hand)
 p - the ring of the Invisible Hand (right hand) {Str+6 Int+4}
   (You found it on level 3 of the Dungeon)

   [ring of strength]

   Str:       It affects your strength (+6).
   Int:       It affects your intelligence (+4).
 s - a ring of fire
Wands
 a - a wand of flame (18)
 r - a wand of paralysis (11)
Scrolls
 c - 3 scrolls of identify
 d - 4 scrolls of enchant armour {unknown}
 f - 5 scrolls of enchant weapon {unknown}
 g - 5 scrolls of teleportation {unknown}
 h - a scroll of amnesia {unknown}
 u - a scroll of magic mapping {unknown}
Potions
 j - 7 potions of curing
 k - a potion of magic
 o - a potion of lignification
 q - a potion of ambrosia
 t - 2 potions of attraction


   Skills:
 - Level 3.0 Fighting
 + Level 7.6 Dodging
 + Level 6.3 Stealth
 + Level 5.6 Spellcasting
 + Level 3.9 Invocations


You couldn't memorise any spells.
You knew the following spells:

 Your Spells              Type           Power      Damage    Failure   Level
a - Foxfire               Conj/Fire      100%       2x1d9     1%          1
b - Scorch                Fire           88%        2d9       1%          2
c - Kindle Blastsparks    Fire/Tloc/Air  88%        2d17      3%          3
d - Inner Flame           Hex/Fire       44%        N/A       3%          3
e - Flame Wave            Conj/Fire      44%        2d11      10%         4
f - Kiss of Death         Conj/Necr      100%       2d13      1%          1
g - Ensorcelled Hibernat  Hex/Ice        88%        N/A       1%          2
h - Wereblood             Tmut           44%        N/A       1%          2
i - Hailstorm             Conj/Ice       44%        3d10      3%          3
Your spell library was empty.

Dungeon Overview and Level Annotations

Branches:
Dungeon (8/15)             Temple (1/1) D:5
   Lair: D:8-11

Altars:
Ashenzari
Cheibriados
Dithmenos
Elyvilon
Fedhas
Gozag
Hepliaklqana
Makhleb
Nemelex Xobeh
Trog
Uskayaw
Wu Jian
Yredelemnul
Zin
The Shining One

Shops:
D:3 =   D:6 =

Annotations:
D:3 3 runed translucent doors, FakeRyeBread's ghost, amateur AtFi
D:8 Erica


Innate Abilities, Weirdness & Mutations

You are immune to sickness and miasma.
You are immune to poison.
Your flesh is very heat resistant. (rF++)
You are vulnerable to cold. (rC-)
You float through the air rather than walking.
You learn spells naturally, not from books.
Your magical power is your life essence.
You have superior vitality. (+4 MHP)


Message History

There is an open door here.
The cloud of blastsparks explodes!
The concussive blast engulfs Erica!!
Erica is severely wounded.
Casting: Kindle Blastsparks (dangerous; 3% risk of failure)
Confirm with . or Enter, or press ? or * to list all spells.
You feel a surge of power!
A cloud of volatile blastsparks flares up around you!
Erica says, "I'm so much better than you."
Erica points at you and mumbles some strange words.
The bolt of poison misses you. Erica gestures at you while chanting.
You feel yourself slow down.
There is an open door here.
Erica casts a spell.
Erica flickers and vanishes!
Deactivating autopickup; reactivate with Ctrl-A.
You reach down and close the door.
Something unseen breaks down the door.
Something hits you! Something burns you.
There is an open door here.
Something hits you! Something burns you.
You reach down and close the door.
Something unseen breaks down the door.
Casting: Kindle Blastsparks (dangerous; 3% risk of failure)
Confirm with . or Enter, or press ? or * to list all spells.
Okay, then.
Casting: Kindle Blastsparks (dangerous; 3% risk of failure)
Confirm with . or Enter, or press ? or * to list all spells.
You feel a surge of power!
A cloud of volatile blastsparks flares up around you!
The cloud of blastsparks explodes!
The concussive blast engulfs something!
The concussive blast engulfs you! You resist.
You are knocked back by the blast.
Casting: Kindle Blastsparks (dangerous; 3% risk of failure)
Confirm with . or Enter, or press ? or * to list all spells.
You feel a surge of power!
A cloud of volatile blastsparks flares up around you!
Something hits you!!
* * * LOW HITPOINT WARNING * * *
Something burns you.
You die...

...# #.....#..# ##.# # ####
#.....#..# ##.# #. #..#
######...##..#
...#+#..#######..###..###...##..'
.................#......#...#{..#
.....#)..........#......'.......#
#..####+###..###.####...#.#....##
######..###..###.###..##########
#.............#.@..#...#
#^............#....#...#
'.............#....#.>.#
#.............#....'...##
#..#..#.......##..##....#
#########################


There were no monsters in sight!

Vanquished Creatures
  A water moccasin (D:6)
  An orc warrior (D:7)
  An ice beast (D:7)
  2 ogres
  A sky beast (D:6)
  A centaur (D:7)
  2 phantoms
  2 kobold brigands (D:7)
  2 bullfrogs
  A gnoll sergeant (D:7)
  2 necrophages
  2 water moccasin zombies (D:4)
  3 wights (D:7)
  3 killer bees (D:7)
  A vampire bat (D:4)
  A bullfrog zombie (D:4)
  2 jellies (D:4)
  An orc priest (D:7)
  2 gnoll boudas
  3 hounds
  Jessica (D:2)
  3 iguanas
  7 orc wizards
  19 gnolls
  3 adders
  A white imp (D:7)
  An adder zombie (D:4)
  3 worms
  A dart slug (D:2)
  27 orcs
  5 endoplasms
  2 giant cockroaches (D:4)
  7 goblins
  9 hobgoblins
  5 quokkas
  5 ball pythons
  13 bats
  4 frilled lizards
  17 kobolds
  A quokka zombie (D:4)
  8 rats
176 creatures vanquished.

Vanquished Creatures (collateral kills)
  4 foxfires (D:4)
4 creatures vanquished.

Vanquished Creatures (others)
  701 foxfires
701 creatures vanquished.

Grand Total: 881 creatures vanquished

Notes
Turn   | Place    | Note
-------+----------+-------------------------------------------
     0 | D:1      | GilGalad the Djinni Fire Elementalist began the quest for
                  | the Orb.
     0 | D:1      | GilGalad set off with the following spells memorised:
                  | Foxfire, Scorch, Kindle Blastsparks, Inner Flame, Flame
                  | Wave.
     0 | D:1      | Reached XP level 1. HP: 15/15 MP: 0/0
   128 | D:1      | Reached XP level 2. HP: 19/21 MP: 0/0
   468 | D:1      | Reached XP level 3. HP: 22/25 MP: 0/0
   468 | D:1      | Learned a level 1 spell: Kiss of Death
   657 | D:2      | Identified the +1 robe "Pico" {rN+ Int-5 Dex+5 Archmagi}
   923 | D:2      | Reached skill level 3 in Dodging
  1186 | D:2      | Reached XP level 4. HP: 27/31 MP: 0/0
  1333 | D:2      | Noticed Jessica
  1339 | D:2      | Killed Jessica
  1424 | D:2      | Reached skill level 1 in Fighting
  1804 | D:3      | Reached XP level 5. HP: 24/37 MP: 0/0
  1804 | D:3      | Learned a level 2 spell: Ensorcelled Hibernation
  1885 | D:3      | Found a runed translucent gate.
  1887 | D:3      | Found a runed translucent gate.
  1887 | D:3      | Noticed a kobold brigand
  1888 | D:3      | Noticed FakeRyeBread's ghost (amateur AtFi)
  1889 | D:3      | Found a runed translucent gate.
  1946 | D:3      | Found a bloodstained altar of Trog.
  2030 | D:3      | Identified the ring of the Invisible Hand {Str+6 Int+4}
  2139 | D:3      | Found Jatrahuh's Jewellery Shop.
  2879 | D:4      | Reached XP level 6. HP: 40/43 MP: 0/0
  2888 | D:4      | Found a hide-covered altar of Uskayaw.
  2906 | D:4      | Reached skill level 4 in Dodging
  3081 | D:4      | Noticed an ogre
  3095 | D:4      | Killed an ogre
  3096 | D:4      | Reached XP level 7. HP: 43/49 MP: 0/0
  3096 | D:4      | Learned a level 2 spell: Wereblood
  3848 | D:4      | Reached skill level 5 in Dodging
  3888 | D:4      | Found a basalt altar of Yredelemnul.
  3912 | D:4      | Reached XP level 8. HP: 29/56 MP: 0/0
  4201 | D:5      | Entered Level 5 of the Dungeon
  4299 | D:5      | Found a staircase to the Ecumenical Temple.
  4314 | Temple   | Entered the Ecumenical Temple
  4416 | Temple   | Became a worshipper of Makhleb the Destroyer
  5046 | D:6      | Found a sparkling altar of Nemelex Xobeh.
  5075 | D:6      | Reached skill level 6 in Dodging
  5099 | D:6      | Reached skill level 5 in Stealth
  5195 | D:6      | Reached skill level 1 in Invocations
  5258 | D:6      | Found Zalyit's Jewellery Boutique.
  5279 | D:6      | Reached * piety under Makhleb
  5320 | D:6      | Reached XP level 9. HP: 53/60 MP: 0/0
  5320 | D:6      | Learned a level 3 spell: Hailstorm
  5588 | D:7      | Reached skill level 5 in Spellcasting
  5904 | D:7      | Reached skill level 7 in Dodging
  6118 | D:7      | Reached ** piety under Makhleb
  7248 | D:8      | Noticed Erica
  7280 | D:8      | HP: 1/60 [something (18)]
  7280 | D:8      | Slain by Erica

Illustrated notes

Levels and vault maps discovered:
D:1:      dpeg_arrival_arbitrary_b, layout_basic
D:2:      layout_basic, minmay_door_square, minmay_pentomino_z4, uniq_jessica
D:3:      layout_basic, mainiacjoe_overflow_24_doors,
          gammafunk_ghost_nasty_kobolds, serial_shops, shop
D:4:      layout_loops_ring, nicolae_yredelemnul_corpse_copse,
          mainiacjoe_overflow_six_doors_small, roderic_batcave, hex_large
D:5:      layout_rooms, minmay_temple_entry_junction
D:6:      layout_cave_pools, lemuel_crystal_altar, serial_shops, shop
D:7:      layout_loops_corners
D:8:      layout_gridville, mainiacjoe_overflow_surrounded_room, special_room
          [special_room_orc], nicolae_shop_sticking_my_neck_out, uniq_joseph,
          uniq_erica
Temple:   nicolae_temple_bog_church

Skill      XL: |  1  2  3  4  5  6  7  8  9 |
---------------+----------------------------+-----
Stealth        | 2 3 4 5 6 |  6.3
Dodging        | 3 4 5 6 7 |  7.6
Fighting       | 1 2 3 |  3.0
Spellcasting   | 3 4 5 |  5.6
Invocations    | 1 3 |  3.9

Action                   |  1- 3 |  4- 6 |  7- 9 || total
-------------------------+-------+-------+-------++-------
Melee: Dagger            |     1 |     4 |     1 ||     6
       Hand axe          |       |       |     2 ||     2
       Spear             |       |       |     4 ||     4
 Cast: Foxfire           |    80 |    88 |   269 ||   437
       Kindle Blastspark |       |       |    51 ||    51
  Use: Scroll            |       |       |     5 ||     5
 Stab: Sleeping          |       |     2 |     1 ||     3
Armor: Robe              |     7 |     2 |    14 ||    23
Dodge: Dodged            |     9 |    11 |    76 ||    96

Table legend: (Time is in decaauts)
 A = Elapsed time spent in this place.
 B = Non-inter-level travel time spent in this place.
 C = Inter-level travel time spent in this place.
 D = Time resting spent in this place.
 E = Time spent auto-exploring this place.
 F = Levels seen in this place.
 G = Mean time per level.
                   A        B        C        D        E       F      G
               +--------+--------+--------+--------+--------+-----+--------+
         Total |   7287 |   6950 |    337 |      0 |   5681 |   9 |  809.7 |
       Dungeon |   6954 |   6654 |    300 |      0 |   5409 |   8 |  869.2 |
        Temple |    332 |    295 |     37 |      0 |    272 |   1 |  332.0 |
               +--------+--------+--------+--------+--------+-----+--------+

Top non-repeatable levels by time:
     D:7: 1598 daAuts
     D:4: 1411 daAuts
     D:2: 1102 daAuts
     D:3: 1059 daAuts
     D:1: 625 daAuts
     D:6: 602 daAuts
     D:5: 416 daAuts
  Temple: 332 daAuts
     D:8: 136 daAuts
